 Dungeon Crawl Stone Soup version 0.30-a0-632-g346586fe48 (webtiles) character file.

Game seed: 15810172094186247401

518 kae the Changer (level 7, -3/48 HPs)
             Began as a Demonspawn Transmuter on Jan 13, 2023.
             Slain by a gnoll
             ... wielding a +0 halberd
              (11 damage)
             ... on level 5 of the Dungeon.
             The game lasted 00:06:39 (4038 turns).

kae the Changer (Demonspawn Transmuter)             Turns: 4038, Time: 00:06:39

Health: -3/48      AC:  4    Str: 10    XL:     7   Next: 1%
Magic:  10/12      EV: 12    Int: 19    God:
Gold:   154        SH:  4    Dex: 13    Spells: 3/13 levels left

rFire   . . .      SeeInvis .      - Unarmed
rCold   . . .      Faith    .    (no shield)
rNeg    . . .      Spirit   .    a - +0 robe
rPois   .          Reflect  .    (no helmet)
rElec   .          Harm     .    c - +1 cloak
rCorr   .          Rampage  .    (no gloves)
Will    .....                    (no boots)
Stlth   +                        (no amulet)
HPRegen 0.28/turn                (no ring)
MPRegen 0.13/turn                (no ring)

@: wereblooded
A: hooves 1, big brain 1, condensation shield, demonic magic 1
a: no special abilities


You were on level 5 of the Dungeon.
You visited 1 branch of the dungeon, and saw 5 of its levels.

You collected 154 gold pieces.


Innate Abilities, Weirdness & Mutations

You have large cloven feet.
You have an unusually large brain. (Int +2)
A meltable shield of frost defends you. (SH +4)
Spells you cast may paralyse adjacent enemies.


   Skills:
 - Level 1.0 Fighting
 - Level 1.7 Dodging
 + Level 4.0 Unarmed Combat
 + Level 3.6 Spellcasting
 * Level 4.7 Transmutations
 * Level 1.4 Ice Magic
 - Level 1.6 Poison Magic


You had 3 spell levels left.
You knew the following spells:

 Your Spells              Type           Power      Damage    Failure   Level
a - Beastly Appendage     Tmut           42%        N/A       1%          1
b - Wereblood             Tmut           21%        N/A       3%          2
c - Spider Form           Tmut/Pois      15%        N/A       12%         3
d - Ice Form              Ice/Tmut       15%        N/A       36%         4

Your spell library contained the following spells:

 Spells                   Type           Power      Damage    Failure   Level


Inventory:

Missiles
 k - 36 stones
Armour
 a - a +0 robe (worn)
 c - a +1 cloak (worn)
   (You found it on level 1 of the Dungeon)
Jewellery
 F - a ring of fire
   (You took it off a hobgoblin on level 2 of the Dungeon)
Wands
 e - a wand of flame (11)
   (You found it on level 3 of the Dungeon)
 l - a wand of acid (12)
   (You found it on level 3 of the Dungeon)
Scrolls
 d - a scroll of teleportation {@r4}
 m - 2 scrolls of enchant weapon
 p - a scroll of noise {unknown}
Potions
 b - 3 potions of lignification {!q}
 f - a potion of ambrosia {unknown}
 g - a potion of attraction {!q}
 h - 2 potions of brilliance {unknown}
 i - 2 potions of invisibility
 j - 3 potions of curing {unknown}
 n - a potion of mutation {unknown}
 o - a potion of degeneration {unknown}
 q - a potion of cancellation {unknown}
 s - a potion of heal wounds {unknown}

Dungeon Overview and Level Annotations

Branches:
Dungeon (5/15) Zot: 25974
 Temple: D:4-7

Altars:

Annotations:
D:2 Terence
D:5 Pikel

##.###...###g#.#.......#
#. #......g......#.#### .
##.....#########†####
#.......# #.#...
##.#...#.# ######..###
#......#g# #.........#
#..#...#.# #.####..#.#
..##..#.#.#g###.####.#...
........@.g.......##.##.#
.##........###.#.##.##..
#.##.#.### #.#.##.####
#......# #......#
####..## ###.#### ##.#
#.# #.# #.# #.# #..
#.....# ###


You could see 2 gnolls.


Message History

An adder comes into view. 😎 HP[+1] MP[+2]
You now have 43 max hp (-8).
Your hp is fully restored (43).
Your mp is fully restored (11).
Unknown command.
An adder is nearby!
Cast which spell? (? or * to list)
You turn into a venomous arachnid creature.
Your +1 cloak melds into your body.
Your +0 robe melds into your body.
The adder hisses angrily.
A gnoll comes into view. It is wielding a +0 spear. 😎 MP[-3]
You lost 3 mp, and now have 8/11 mp.
The adder misses you.
You barely miss the adder.
The gnoll shouts!
You hear a shout! x2
The adder closely misses you.
You hit the adder.
The adder is poisoned.
The adder completely misses you.
You hit the adder.
A gnoll comes into view. It is wielding a +0 halberd. x2
The adder bites you.
You are poisoned.
The adder poisons you!
The gnoll shouts!
You hit the adder.
You kill the adder!
You feel very sick. The gnoll misses you. 😕 HP[-3]
You take 3 damage, and now have 40/43 hp.
You feel sick. 😕 HP[-2] MP[+1]
You take 2 damage, and now have 38/43 hp.
You feel sick. 😕 HP[-1]
You take 1 damage, and now have 37/43 hp.
You feel sick.
You hear the slow hiss of a very distant avalanche of sand.
Your transformation is almost over.
You feel sick. 😕 HP[-1]
You take 1 damage, and now have 36/43 hp.
Casting: Spider Form (quite dangerous; 28% risk of failure)
Confirm with . or Enter, or press ? or * to list all spells.
Your blood is infused with primal strength.
You feel sick.
The gnoll hits you from afar with a +0 spear.
You feel sick.
The gnoll hits you from afar with a +0 spear! 😮 HP[-14] MP[-2]
You take 14 damage, and now have 22/43 hp.
MASSIVE DAMAGE!! (PAUSE)
You lost 2 mp, and now have 7/11 mp.
You feel sick. You block the gnoll's attack.
You hit the gnoll.
The gnoll is poisoned.
You feel sick.
You are no longer poisoned.
The gnoll misses you. x2 😨 HP[-1]
You take 1 damage, and now have 21/43 hp.
You hit the gnoll.
The gnoll looks as sick as possible!
The gnoll closely misses you.
The gnoll hits you from afar with a +0 halberd.
* * * LOW HITPOINT WARNING * * *
Unknown command. 😨 HP[-2]
You take 2 damage, and now have 19/43 hp.
You barely miss the gnoll. The gnoll misses you.
The gnoll hits you from afar with a +0 halberd!
* * * LOW HITPOINT WARNING * * *
😱 HP[-15] MP[+1]
You take 15 damage, and now have 4/43 hp.
MASSIVE DAMAGE!! (PAUSE)
Okay, then.
The gnoll attacks as you move away! The gnoll hits you with a +0 spear.
* * * LOW HITPOINT WARNING * * *
You kill the gnoll!
You have reached level 7!
Your demonic ancestry asserts itself...
A menacing aura infuses your magic. 😱 HP[-2]
You now have 48 max hp (+5).
You hiss as the wereblood boils in your veins!
You hiss as the wereblood boils in your veins!
Okay, then.
Okay, then.
Your transformation has ended.
Your +1 cloak unmelds from your body.
Your +0 robe unmelds from your body. 😱 HP[+1] Unknown command. 😱 HP[+1] 😱 MP[+1]
You howl as the wereblood boils in your veins! 😱 HP[+1] 😱 HP[+1] 😱 MP[+1]
You howl as the wereblood boils in your veins! 😱 HP[+1]
There is a stone staircase leading up here.
The gnoll hits you from afar with a +0 halberd!
You die...

Skill      XL: |  1  2  3  4  5  6 |
---------------+-------------------+-----
Transmutations | 2 3 4 |  4.7
Unarmed Combat | 3 4 |  4.0
Poison Magic   | 1 |  1.6
Spellcasting   | 3 |  3.6
Ice Magic      | 1 |  1.4
Fighting       | |  1.0
Dodging        | |  1.7

Action                   |  1- 3 |  4- 6 |  7- 9 || total
-------------------------+-------+-------+-------++-------
Melee: Unarmed           |   138 |    92 |       ||   230
       Kick              |    24 |     5 |       ||    29
       Headbutt          |    12 |     4 |       ||    16
       Punch             |     4 |       |       ||     4
 Cast: Beastly Appendage |    40 |     7 |       ||    47
       Spider Form       |     1 |     5 |       ||     6
       Ice Form          |       |     2 |       ||     2
       Wereblood         |       |     2 |       ||     2
  Use: Scroll            |     5 |     4 |       ||     9
 Stab: Sleeping          |     1 |     1 |       ||     2
Armor: Robe              |    42 |     5 |       ||    47
       Skin              |       |    10 |       ||    10
Dodge: Dodged            |    74 |    54 |       ||   128
Block: Other             |    17 |    10 |       ||    27

Levels and vault maps discovered:
D:1:      dpeg_arrival_concentric_ovals, layout_loops_ring
D:2:      layout_loops_ring, uniq_terence
D:3:      layout_rooms, minmay_statues_item
D:4:      layout_basic, uniq_menkaure
D:5:      layout_loops_cross, nicolae_ru_the_path_less_chosen, enter_ossuary_2,
          grunt_ministairs_11, uniq_blork_the_orc, uniq_pikel

Notes
Turn   | Place    | Note
-------+----------+-------------------------------------------
     0 | D:1      | kae the Demonspawn Transmuter began the quest for the Orb.
     0 | D:1      | Reached XP level 1. HP: 15/15 MP: 3/3
     0 | D:1      | magus.rc [v1.11.3]
   217 | D:1      | Reached skill level 2 in Transmutations
   462 | D:1      | Gained mutation: A meltable shield of frost defends you.
                  | (SH +4) [demonic ancestry]
   462 | D:1      | Reached XP level 2. HP: 19/21 MP: 3/5
   929 | D:2      | Learned a level 2 spell: Wereblood
  1046 | D:2      | Reached skill level 3 in Unarmed Combat
  1124 | D:2      | Gained mutation: You have an unusually large brain. (Int
                  | +2) [demonic ancestry]
  1124 | D:2      | Reached XP level 3. HP: 25/26 MP: 4/6
  1128 | D:2      | Learned a level 3 spell: Spider Form
  1456 | D:2      | Noticed Terence
  1472 | D:2      | HP: 2/26 [Terence/+0 trident of holy wrath (6)]
  2188 | D:3      | Reached skill level 1 in Poison Magic
  2219 | D:3      | Reached XP level 4. HP: 31/32 MP: 5/7
  2732 | D:4      | Noticed an ogre
  2796 | D:4      | Reached skill level 3 in Transmutations
  2827 | D:4      | Noticed Menkaure
  3089 | D:4      | Noticed a scorpion
  3090 | D:4      | HP: 6/32 [orc priest/divine providence (15)]
  3092 | D:4      | Reached XP level 5. HP: 7/37 MP: 2/9
  3094 | D:4      | Reached skill level 3 in Spellcasting
  3463 | D:4      | Killed Menkaure
  3464 | D:4      | Reached skill level 4 in Transmutations
  3464 | D:4      | Gained mutation: You have large cloven feet. [demonic
                  | ancestry]
  3464 | D:4      | Reached XP level 6. HP: 43/43 MP: 6/11
  3469 | D:4      | Learned a level 4 spell: Ice Form
  3803 | D:5      | Entered Level 5 of the Dungeon
  3803 | D:5      | Noticed Pikel
  3814 | D:4      | Reached skill level 1 in Ice Magic
  3923 | D:5      | Reached skill level 4 in Unarmed Combat
  3937 | D:5      | magus.rc [v1.11.3]
  4016 | D:5      | HP: 4/43 [gnoll/+0 halberd (15)]
  4017 | D:5      | HP: 1/43 [gnoll/+0 spear (3)]
  4018 | D:5      | Gained mutation: Spells you cast may paralyse adjacent
                  | enemies. [demonic ancestry]
  4018 | D:5      | Reached XP level 7. HP: 2/48 MP: 8/12
  4038 | D:5      | Slain by a gnoll

Vanquished Creatures
  Menkaure (D:4)
  An ogre (D:4)
  4 lemures
  A necrophage (D:5)
  A scorpion (D:4)
  An orc priest (D:4)
  An iguana (D:4)
  An orc wizard (D:4)
  A gnoll (D:5)
  2 adders (D:5)
  An ufetubus (D:4)
  2 worms (D:2)
  5 dart slugs
  An orc (D:4)
  8 endoplasms
  5 giant cockroaches
  2 goblins
  4 hobgoblins
  4 jackals (D:2)
  3 kobolds
  4 quokkas
  6 ball pythons
  6 bats
  4 frilled lizards
  3 rats
72 creatures vanquished.

Table legend:
 A = Non-vault XP
 B = Vault XP
 C = Vault XP percentage of total XP
 D = Non-vault monster count
 E = Vault monster count
 F = Vault count percentage of total count
                 A         B        C        D         E       F
            +---------+---------+-------+---------+---------+-------
      Total |     569 |     172 |  23.2 |      67 |       1 |   1.5
            +---------+---------+-------+---------+---------+-------
        D:1 |      23 |       0 |   0.0 |      14 |       0 |   0.0
        D:2 |      56 |       0 |   0.0 |      26 |       0 |   0.0
        D:3 |      23 |       0 |   0.0 |      10 |       0 |   0.0
        D:4 |     341 |     172 |  33.5 |      13 |       1 |   7.1
        D:5 |     126 |       0 |   0.0 |       4 |       0 |   0.0
            +---------+---------+-------+---------+---------+-------

Illustrated notes

Table legend:
 A = Kills in this place as a percentage of kills in entire the game.
 B = Kills by you in this place as a percentage of kills by you in the entire game.
 C = Kills by friends in this place as a percentage of kills by friends in the entire game.
 D = Other kills in this place as a percentage of other kills in the entire game.
 E = Experience gained in this place as a percentage of experience gained in the entire game.
 F = Experience gained in this place divided by the number of levels of this place that you have seen.
                   A       B       C       D       E      F
               +-------+-------+-------+-------+-------+----------------------
         Total | 100.0 | 100.0 |   N/A |   N/A | 100.0 | 148.2
       Dungeon | 100.0 | 100.0 |   N/A |   N/A | 100.0 | 148.2
               +-------+-------+-------+-------+-------+----------------------

Table legend: (Time is in decaauts)
 A = Elapsed time spent in this place.
 B = Non-inter-level travel time spent in this place.
 C = Inter-level travel time spent in this place.
 D = Time resting spent in this place.
 E = Time spent auto-exploring this place.
 F = Levels seen in this place.
 G = Mean time per level.
                   A        B        C        D        E       F      G
               +--------+--------+--------+--------+--------+-----+--------+
         Total |   4024 |   3764 |    260 |    104 |   2904 |   5 |  804.8 |
       Dungeon |   4024 |   3764 |    260 |    104 |   2904 |   5 |  804.8 |
               +--------+--------+--------+--------+--------+-----+--------+

Top non-repeatable levels by time:
     D:4: 1312 daAuts
     D:2: 1140 daAuts
     D:1: 881 daAuts
     D:3: 509 daAuts
     D:5: 181 daAuts
